 Dungeon Crawl Stone Soup version 0.29-a0-1027-gcd8c55af63 (console) character file.

Game seed: 4720914930897372143

125630 jejorda2 the Phalangite (level 16, -3/190 HPs)
             Began as a Merfolk Berserker on Aug 13, 2022.
             Was a High Priest of Trog.
             Slain by a spriggan rider
             ... wielding a +0 spear
              (15 damage)
             ... on level 1 of the Swamp.
             The game lasted 01:25:48 (33029 turns).

jejorda2 the Phalangite (Merfolk Berserker)        Turns: 33029, Time: 01:25:51

Health: -3/190     AC: 19    Str: 23    XL:     16   Next: 96%
Magic:  16/16      EV: 11    Int: 13    God:    Trog [*****.]
Gold:   3004       SH:  0    Dex: 15    Spells: 15/15 levels left

rFire   + . .      SeeInvis .   a - +3 bardiche "Vaofuwk" {elec, rC+ Int+6}
rCold   . . .      Faith    +   (shield currently unavailable)
rNeg    . . .      Spirit   .   k - +2 chain mail {rPois}
rPois   +          Reflect  .   d - +0 helmet
rElec   .          Harm     .   Q - +2 cloak
rCorr   .          Rampage  .   e - +2 pair of gloves
Will    ++...      Clarity  +   g - +0 pair of boots
Stlth   ..........              t - amulet of faith
HPRegen 0.41/turn               U - ring of fire
MPRegen 0.15/turn               Y - ring of willpower

@: berserking, very quick
A: (nimble swimmer 2), mertail, clarity, deformed body, evolution 1
a: Renounce Religion, Berserk, Trog's Hand, Brothers in Arms


You were on level 1 of the Swamp.
You worshipped Trog.
Trog was extremely pleased with you.
You visited 4 branches of the dungeon, and saw 23 of its levels.
You visited the Abyss 1 time.
You also visited: Sewer and Volcano.

You collected 3953 gold pieces.
You spent 949 gold pieces at shops.

Inventory:

Hand Weapons
 a - the +3 bardiche "Vaofuwk" (weapon) {elec, rC+ Int+6}
   (You acquired it on level 5 of the Lair of Beasts)

   It occasionally discharges a powerful burst of electricity upon striking a
   foe.
   Int:       It affects your intelligence (+6).
   rC:        It protects you from cold.
 b - a +0 trident
Missiles
 l - 40 poisoned darts (quivered)
 n - 173 stones
 r - 9 javelins
 v - 22 boomerangs
 A - 12 curare-tipped darts
 M - 4 atropa-tipped darts
 N - 7 throwing nets
Armour
 d - a +0 helmet (worn)
 e - a +2 pair of gloves (worn)
 g - a +0 pair of boots (worn)
 k - a +2 chain mail of poison resistance (worn)
 Q - a +2 cloak (worn)
Jewellery
 t - an amulet of faith (around neck)
 I - a ring of resist corrosion
 U - a ring of fire (left hand)
 W - a ring of protection from cold
 Y - a ring of willpower (right hand)
Wands
 m - a wand of flame (36)
 w - a wand of paralysis (7)
 G - a wand of digging (9)
 L - a wand of mindburst (17)
 P - a wand of acid (2)
 Z - a wand of polymorph (8)
Scrolls
 c - 3 scrolls of immolation
 f - 7 scrolls of fear
 j - 11 scrolls of teleportation
 s - 2 scrolls of silence
 y - 7 scrolls of fog
 D - 14 scrolls of identify
 K - 3 scrolls of poison
 T - 3 scrolls of magic mapping
 V - a scroll of blinking
Potions
 i - 21 potions of curing
 o - a potion of resistance
 p - 11 potions of haste
 q - 2 potions of cancellation
 x - 2 potions of mutation
 z - 2 potions of flight
 C - 4 potions of heal wounds
 J - 2 potions of invisibility
 X - 2 potions of might
Miscellaneous
 h - a condenser vane
 E - a tin of tremorstones (2/2)
 F - a phial of floods


   Skills:
 - Level 12.0 Fighting
 - Level 24.0 Polearms
 - Level 16.0 Throwing
 * Level 9.4 Armour
 - Level 6.0 Dodging
 + Level 6.3 Evocations


You had 15 spell levels left.
You didn't know any spells.
Your spell library was empty.

Dungeon Overview and Level Annotations

Branches:
Dungeon (15/15)            Temple (0/1) D:4            Lair (5/5) D:11
  Swamp (1/4) Lair:2        Snake (0/4) Lair:2        Slime (0/5) Lair:5
    Orc (2/2) D:12            Elf (0/3) Orc:2        Vaults (0/5) D:14
 Depths (0/4) D:15          Sewer (visited)         Volcano (visited)

Altars:
Ashenzari
Dithmenos
Elyvilon
Fedhas
Gozag
Kikubaaqudgha
Qazlal
Ru
Vehumet
Jiyva

Shops:
D:8 [!:   D:11 *   D:14 [   Orc:2 ?((:


Innate Abilities, Weirdness & Mutations

((You are very nimble when in or above water. (Stealth+, EV+, Speed+++)))
Your lower body shifts to a powerful aquatic tail in water.
You possess an exceptional clarity of mind.
Armour fits poorly on your strangely shaped body.
You have hidden genetic potential.


Message History

The spriggan rider hits you but does no damage.
You slash the spriggan!
The spriggan is heavily wounded.
The spriggan hits you with a +0 short sword!
* * * LOW HITPOINT WARNING * * *
You miss the spriggan.
The spriggan is heavily wounded.
The spriggan hits you but does no damage.
The spriggan rider hits you but does no damage.
You barely miss the spriggan.
The spriggan is heavily wounded.
You miss the spriggan.
The spriggan is heavily wounded.
The spriggan hits you but does no damage.
You closely miss the spriggan.
The spriggan is heavily wounded.
The spriggan hits you but does no damage.
The spriggan rider hits you but does no damage.
You slash the spriggan! Lightning courses through the spriggan!
You kill the spriggan!
Trog accepts your kill.
The spriggan hits you but does no damage.
The spriggan rider hits you from afar with a +0 spear!
* * * LOW HITPOINT WARNING * * *
Items here: ) [ †.
You closely miss the spriggan. The spriggan misses you.
The swamp dragon completely misses you. The swamp dragon closely misses you.
The swamp dragon tramples you but does no damage.
The spriggan rider hits you from afar with a +0 spear!
* * * LOW HITPOINT WARNING * * *
You slice the spriggan!! Lightning courses through the spriggan!
You kill the spriggan!
Trog accepts your kill.
You slash the swamp dragon!
The swamp dragon is moderately wounded.
The swamp dragon bites you but does no damage.
The swamp dragon claws you but does no damage.
The swamp dragon tramples you but does no damage.
The spriggan rider hits you from afar with a +0 spear!
You die...

.~~. .~~. ~~§..
♣♣♣♣♣♣♣ ~~~...
♣~(...♣♣~ ~~~§~~
♣.~~.....
~.~~~.♣♣.~~~..~~
..~...†♣~~~~...~
~~.≈≈≈≈.@♣.~.♣
~..≈≈≈≈≈)D..~♣ .
~.≈≈≈≈≈≈.i..♣♣ ♣~♣
~.≈≈≈≈≈.<..♣♣♣~~~♣
~.≈≈≈≈≈≈../♣..~...
~..≈≈≈≈≈..~.....~~
...≈≈≈≈≈≈......~~~
...$≈≈≈≈≈.~~...~.~
.[..≈≈≈.~~♣♣♣..~§


You could see a swamp dragon (strong) and a spriggan rider.

Vanquished Creatures
  Rupert (Lair:5)
  Jorgrun (D:14)
  An Executioner (Abyss:2)
  2 tentacled starspawn (Abyss:2)
  A fire giant (D:15)
  An emperor scorpion (shapeshifter) (D:15)
  A cacodemon (Abyss:2)
  A very ugly thing (D:15)
  A stone giant (D:15)
  An eleionoma (Swamp:1)
  Azrael (D:15)
  A red draconian (Volcano)
  3 fire dragons
  2 ettins (D:15)
  A yaktaur captain (D:15)
  Josephine (D:11)
  6 hydras
  A rakshasa (D:15)
  Harold (D:11)
  A great orb of eyes (D:15)
  4 ogre magi
  5 boulder beetles
  14 centaur warriors
  10 two-headed ogres
  2 dancing weapons (D:14)
  6 death yaks (Lair:3)
  A tengu warrior (D:15)
  2 alligators (D:13)
  A deep troll earth mage (D:15)
  An orc high priest (Orc:2)
  A wretched star (Abyss:2)
  4 skeletal warriors (D:15)
  Sonja (D:11)
  A deep troll (D:15)
  A spriggan druid (Swamp:1)
  4 lindwurms
  A bog body (Lair:2)
  A glowing orange brain (Abyss:2)
  4 orc knights
  An oklob plant (Lair:5)
  7 orc sorcerers
  14 ugly things
  A worldbinder (Abyss:2)
  4 wolf spiders (D:15)
  4 manticores
  2 deep elf pyromancers (D:15)
  14 cyclopes
  A will-o-the-wisp (Swamp:1)
  4 elephants (Lair:3)
  6 black mambas
  Joseph (Lair:1)
  2 smoke demons (Abyss:2)
  2 molten gargoyles (Lair:5)
  2 orange demons (Abyss:2)
  2 gargoyles
  2 yaktaurs (D:15)
  A rime drake (shapeshifter) (D:15)
  A kobold demonologist (D:13)
  3 unseen horrors
  3 efreet (D:15)
  2 freezing wraiths (D:15)
  6 cane toads
  4 rime drakes
  9 komodo dragons
  3 tengu conjurers
  A troll (shapeshifter) (D:15)
  4 meliai
  6 trolls
  2 polar bears (Lair:4)
  2 hornets
  A raiju (Abyss:2)
  7 blink frogs
  6 dream sheep (Lair:3)
  11 slime creatures
  4 centaur simulacra
  Sigmund (D:2)
  7 wraiths
  2 spriggans (Swamp:1)
  A ynoxinul (Abyss:2)
  A culicivora (shapeshifter) (D:15)
  5 wyverns
  2 water elementals (D:12)
  A spriggan (shapeshifter) (D:13)
  A shadow (D:10)
  A vampire (D:11)
  36 yaks
  4 fire elementals (D:15)
  A human (D:12)
  3 hogs (D:12)
  A basilisk (shapeshifter) (D:15)
  2 large abominations (Abyss:2)
  9 basilisks
  3 steam dragons
  4 vampire mosquitoes
  Menkaure (D:4)
  A swamp worm (Swamp:1)
  4 nagas (Lair:2)
  7 wargs
  3 acid dragons
  2 small abominations (Abyss:2)
  6 hell hounds
  12 water moccasins
  A water moccasin (shapeshifter) (D:15)
  An ice beast (D:6)
  18 orc warriors
  2 black bears
  12 ogres
  19 centaurs
  19 wolves
  A phantom (D:6)
  5 kobold brigands
  3 bullfrogs
  A necrophage (D:6)
  Blork the orc (D:4)
  3 gnoll sergeants
  3 scorpions
  4 wights (D:10)
  12 howler monkeys
  6 electric eels
  6 jellies
  5 lava snakes (Lair:5)
  4 hounds
  12 orc priests
  2 iron imps (Abyss:2)
  Jessica (D:2)
  9 iguanas
  41 orc wizards
  9 adders
  9 gnolls
  2 river rats (Sewer)
  A white imp (D:6)
  An ufetubus (Abyss:2)
  12 worms
  89 orcs
  13 endoplasms
  2 giant cockroaches
  5 goblins
  7 hobgoblins
  9 jackals
  9 kobolds
  4 quokkas
  9 ball pythons
  7 bats
  6 frilled lizards (D:13)
  8 rats
  2 starspawn tentacles (Abyss:2)
754 creatures vanquished.

Vanquished Creatures (others)
  A wizard (D:15)
  A boggart simulacrum (D:15)
  A gnoll (Orc:2)
  An orc (Orc:2)
  21 fungi
  51 plants
  3 starspawn tentacles (Abyss:2)
79 creatures vanquished.

Grand Total: 833 creatures vanquished

Notes
Turn   | Place    | Note
-------+----------+-------------------------------------------
     0 | D:1      | jejorda2 the Merfolk Berserker began the quest for the Orb.
     0 | D:1      | Reached XP level 1. HP: 18/18 MP: 1/1
   306 | D:1      | Found a faded altar of an unknown god.
   318 | D:1      | Reached XP level 2. HP: 24/24 MP: 2/2
  1051 | D:2      | Noticed Jessica
  1059 | D:2      | Killed Jessica
  1060 | D:2      | Reached skill level 5 in Polearms
  1060 | D:2      | Reached XP level 3. HP: 23/30 MP: 3/3
  1154 | D:2      | Noticed Sigmund
  1166 | D:2      | Killed Sigmund
  1167 | D:2      | Reached skill level 6 in Polearms
  1167 | D:2      | Reached XP level 4. HP: 38/38 MP: 4/4
  1167 | D:2      | Reached XP level 5. HP: 43/43 MP: 5/5
  1469 | D:2      | Reached XP level 6. HP: 44/49 MP: 6/6
  2059 | D:3      | You fall into a shaft and drop 1 floor!
  2092 | D:4      | Noticed Blork the orc
  2101 | D:4      | Killed Blork the orc
  2102 | D:4      | Reached skill level 7 in Polearms
  2857 | D:4      | Found an opulent altar of Gozag.
  2943 | D:4      | Reached ** piety under Trog
  2994 | D:4      | Noticed Menkaure
  3001 | D:4      | Killed Menkaure
  3002 | D:4      | Reached skill level 5 in Fighting
  3002 | D:4      | Reached skill level 8 in Polearms
  3002 | D:4      | Reached XP level 7. HP: 28/56 MP: 7/7
  3212 | D:4      | Identified the +0 robe "Cutinuic" {Harm rN+ Will+ Dex-2}
  3394 | D:4      | Found a staircase to the Ecumenical Temple.
  3709 | D:5      | Entered Level 5 of the Dungeon
  3862 | D:5      | Reached skill level 9 in Polearms
  4285 | D:5      | Reached skill level 10 in Polearms
  4285 | D:5      | Reached XP level 8. HP: 64/64 MP: 8/8
  4822 | D:6      | Reached skill level 11 in Polearms
  4968 | D:6      | Identified the +3 scale mail of Youthful Indiscretion {rF++
                  | rC+ Int+4 SInv}
  5066 | D:6      | Found a glowing drain.
  5075 | D:6      | Reached skill level 12 in Polearms
  5086 | Sewer    | Entered a sewer
  5215 | Sewer    | Reached *** piety under Trog
  5464 | Sewer    | Reached XP level 9. HP: 69/69 MP: 9/9
  5654 | Sewer    | Reached skill level 13 in Polearms
  6716 | D:7      | Reached skill level 14 in Polearms
  7181 | D:8      | Reached **** piety under Trog
  7237 | D:8      | Reached skill level 15 in Polearms
  7242 | D:8      | Reached XP level 10. HP: 76/76 MP: 10/10
  7407 | D:8      | Found Qaerethruoti's Book Shoppe.
  7430 | D:8      | Reached skill level 5 in Armour
  7443 | D:8      | Found Mangeut's Distillery.
  7545 | D:8      | Bought a potion of lignification for 36 gold pieces
  7566 | D:8      | Found a radiant altar of Vehumet.
  7645 | D:8      | Found Piyd's Armour Shoppe.
  8391 | D:9      | Found a stormy altar of Qazlal.
  8770 | D:9      | Reached skill level 16 in Polearms
  8911 | D:9      | Noticed a two-headed ogre
  8926 | D:9      | Killed a two-headed ogre
  9272 | D:10     | Entered Level 10 of the Dungeon
  9921 | D:10     | Found an ancient bone altar of Kikubaaqudgha.
  9923 | D:10     | Found a blossoming altar of Fedhas.
  9925 | D:10     | Found a shadowy altar of Dithmenos.
  9925 | D:10     | Found a sacrificial altar of Ru.
  9966 | D:10     | Noticed an ogre mage
  9981 | D:10     | Reached skill level 17 in Polearms
 10082 | D:10     | Killed an ogre mage
 10083 | D:10     | Reached skill level 18 in Polearms
 10083 | D:10     | Reached XP level 11. HP: 34/81 MP: 11/11
 10322 | D:10     | Noticed a two-headed ogre
 10336 | D:10     | Killed a two-headed ogre
 10447 | D:10     | Noticed a cyclops
 10451 | D:10     | Killed a cyclops
 10674 | D:11     | Noticed a cyclops
 10684 | D:11     | Killed a cyclops
 10685 | D:11     | Reached skill level 19 in Polearms
 10737 | D:11     | Noticed a two-headed ogre
 10749 | D:11     | Killed a two-headed ogre
 10888 | D:11     | Noticed Harold
 10902 | D:11     | Killed Harold
 10903 | D:11     | Reached skill level 5 in Dodging
 10942 | D:11     | Found Ystron's Serpentskin Sales.
 10950 | D:11     | Bought 5 curare-tipped darts for 48 gold pieces
 11116 | D:11     | Noticed a two-headed ogre
 11153 | D:11     | Killed a two-headed ogre
 11204 | D:11     | Noticed Sonja
 11208 | D:11     | Killed Sonja
 11209 | D:11     | Reached skill level 20 in Polearms
 11209 | D:11     | Reached skill level 1 in Throwing
 11209 | D:11     | Reached skill level 1 in Evocations
 11432 | D:11     | Noticed a six-headed hydra
 11447 | D:11     | Killed a six-headed hydra
 11448 | D:11     | Reached XP level 12. HP: 63/88 MP: 12/12
 11700 | D:11     | Noticed Josephine
 11709 | D:11     | Killed Josephine
 11891 | D:11     | Found a staircase to the Lair.
 12163 | D:8      | Bought a +3 ring mail of poison resistance for 253 gold
                  | pieces
 12295 | D:11     | Bought a scroll of poison for 64 gold pieces
 12295 | D:11     | Bought a scroll of poison for 64 gold pieces
 12340 | Lair:1   | Entered Level 1 of the Lair of Beasts
 12704 | Lair:1   | Reached skill level 5 in Throwing
 12704 | Lair:1   | Reached skill level 5 in Evocations
 13029 | Lair:1   | Noticed Joseph
 13052 | Lair:1   | Killed Joseph
 14228 | Lair:2   | Found a staircase to the Swamp.
 14425 | Lair:2   | Found a staircase to the Snake Pit.
 15476 | Lair:3   | Found a dark tunnel.
 15483 | Volcano  | Entered a volcano
 15516 | Volcano  | Noticed a two-headed ogre
 15516 | Volcano  | Noticed a red draconian
 15518 | Volcano  | Noticed a two-headed ogre
 15522 | Volcano  | Killed a two-headed ogre
 15538 | Volcano  | Killed a red draconian
 15544 | Volcano  | Killed a two-headed ogre
 15582 | Volcano  | Noticed a two-headed ogre
 15582 | Volcano  | Noticed a two-headed ogre
 15582 | Volcano  | Noticed an ogre mage
 15589 | Volcano  | Killed a two-headed ogre
 15590 | Volcano  | Reached XP level 13. HP: 98/98 MP: 13/13
 16582 | Lair:3   | Reached skill level 10 in Throwing
 17028 | Lair:3   | Reached skill level 10 in Fighting
 18118 | Lair:4   | Identified a scroll of acquirement
 18119 | Lair:4   | Acquired 1179 gold pieces
 18373 | Lair:5   | Entered Level 5 of the Lair of Beasts
 18468 | Lair:5   | Reached XP level 14. HP: 102/111 MP: 14/14
 18960 | Lair:5   | Acquired the +3 bardiche "Vaofuwk" {elec, rC+ Int+6}
 19145 | Lair:5   | Found a viscous altar of Jiyva.
 19145 | Lair:5   | Found a staircase to the Slime Pits.
 19563 | Lair:5   | Noticed Rupert
 19578 | Lair:5   | Killed Rupert
 19945 | Lair:5   | Found a large runed translucent door.
 19946 | Lair:5   | Found a large runed translucent door.
 21604 | D:12     | Reached skill level 21 in Polearms
 21661 | D:12     | Reached ***** piety under Trog
 21771 | D:12     | Found a staircase to the Orcish Mines.
 22830 | D:13     | Received a gift from Trog
 23105 | D:13     | Reached XP level 15. HP: 113/120 MP: 15/15
 23408 | D:13     | Reached skill level 22 in Polearms
 23469 | D:14     | Found a gate to the Vaults.
 23472 | D:14     | Noticed Jorgrun
 23723 | D:14     | Killed Jorgrun
 24518 | D:14     | Found Qotesuuq's Armour Emporium.
 24535 | D:14     | Bought a +2 chain mail of poison resistance for 351 gold
                  | pieces
 25414 | Orc:1    | Entered Level 1 of the Orcish Mines
 25581 | Orc:2    | Entered Level 2 of the Orcish Mines
 26187 | Orc:2    | Found Zoypt's Magic Scroll Emporium.
 26210 | Orc:2    | Bought a scroll of torment for 133 gold pieces
 26251 | Orc:2    | Reached skill level 23 in Polearms
 26315 | Orc:2    | Found Dudghed's Antique Weapon Emporium.
 26315 | Orc:2    | Found Ryiff's Book Shop.
 26626 | Orc:2    | Found a staircase to the Elven Halls.
 27009 | Orc:2    | Found Qaipp's Antique Weapon Shop.
 27015 | Orc:2    | Received a gift from Trog
 27903 | D:15     | Entered Level 15 of the Dungeon
 28141 | Abyss:2  | Cast into level 2 of the Abyss (skeletal warrior)
 28234 | Abyss:2  | Noticed a cacodemon
 28238 | Abyss:2  | Gained mutation: You occasionally lose the ability to read
                  | scrolls when taking damage. [a cacodemon]
 28248 | Abyss:2  | Killed a cacodemon
 28378 | Abyss:2  | Noticed an Executioner
 28394 | Abyss:2  | Killed an Executioner
 28420 | Abyss:2  | Noticed a tentacled starspawn
 28451 | Abyss:2  | Killed a tentacled starspawn
 28490 | Abyss:2  | Noticed a tentacled starspawn
 28498 | Abyss:2  | Killed a tentacled starspawn
 28499 | Abyss:2  | Reached skill level 24 in Polearms
 28501 | D:15     | Escaped the Abyss
 28870 | D:15     | Reached XP level 16. HP: 127/127 MP: 16/16
 28965 | D:15     | Found a broken altar of Ashenzari.
 28965 | D:15     | Found a white marble altar of Elyvilon.
 28966 | D:15     | Found a stormy altar of Qazlal.
 29280 | D:15     | Reached skill level 15 in Throwing
 29550 | D:15     | Noticed Azrael
 29559 | D:15     | Killed Azrael
 30985 | D:15     | Lost mutation: You occasionally lose the ability to read
                  | scrolls when taking damage. [potion of mutation]
 30985 | D:15     | Gained mutation: You possess an exceptional clarity of
                  | mind. [potion of mutation]
 30985 | D:15     | Gained mutation: You have hidden genetic potential. [potion
                  | of mutation]
 30985 | D:15     | Gained mutation: Armour fits poorly on your strangely
                  | shaped body. [potion of mutation]
 31575 | D:15     | Identified the +9 scimitar "Sarcophage" {drain, rC+}
 32724 | D:15     | Found a staircase to the Depths.
 32997 | Swamp:1  | Entered Level 1 of the Swamp
 33029 | Swamp:1  | Slain by a spriggan rider

Illustrated notes

Levels and vault maps discovered:
D:1:      saegor_arrival_simple_a, layout_rooms,
          shapermc_ecumenical_altar_acropolis,
          amcnicky_mini_rare_corridor_liquid
D:2:      layout_loops_ring, uniq_sigmund, uniq_jessica
D:3:      layout_basic, minmay_hedge_maze
D:4:      layout_loops_ring, nicolae_gozag_seed_capital,
          minmay_temple_entry_antechambers, due_unseen_surprise,
          uniq_blork_the_orc, uniq_menkaure
D:5:      layout_cave_pools, ebering_dispersal_statue_hall, sigmund_army
D:6:      layout_loops_ring, cheibrodos_sewer_entry_drain
D:7:      layout_rooms, kb_lookout_dungeons_type, minmay_stone_trees_large
D:8:      layout_loops_corners, lemuel_coloured_pillars_altar, serial_shops,
          shop_statue, nicolae_shop_temple_entry_statues_fountains,
          nicolae_stop_n_shop_1
D:9:      layout_roguey, overflow_temple_1_default
D:10:     minmay_clustersquares, layout_rooms, mainiacjoe_overflow_alcove_3,
          lightli_minifort
D:11:     layout_basic, lair_entry_dummy, guppyfry_shop_venom, uniq_sonja,
          uniq_harold, uniq_josephine
D:12:     layout_rooms, kennysheep_orc_monster_closet_entryway,
          palyth_stone_intersect, serial_bayou_lagoon_a, grunt_livestock,
          hangedman_decor_points, grunt_ministairs_7
D:13:     layout_basic, hangedman_parallel_progression
D:14:     layout_loops_ring, erik_vaults_1, serial_aquarium,
          aquarium_bridge_square [aquarium_subvault_wall,
          aquarium_subvault_balcony, aquarium_subvault_bridge,
          aquarium_subvault_bridge], aquarium_window_2,
          aquarium_window_corridor_3, aquarium_view_2c, aquarium_view_2a,
          aquarium_balcony_3b, serial_shops, nicolae_diamond_shop, uniq_jorgrun
D:15:     hangedman_slaughterboxes, uniq_azrael
Lair:1:   layout_cave_pods, uniq_joseph
Lair:2:   layout_cave_pods, skrybe_swamp_entry_bodies,
          guppyfry_snake_entry_island, serial_bayou_lake_a
Lair:3:   layout_regular_city, nicolae_volcano_entry_hallway,
          kennysheep_basilisk_garden
Lair:4:   layout_big_grid, gammafunk_lair_bear_cave
Lair:5:   cheibrodos_lair_end_hotspot, layout_gridlike, slime_entry_1,
          chequers_serial_rivers_room_b, uniq_rupert
Swamp:1:  layout_basic_swamp, serial_swamp_ruin, evilmike_swamp_ruin_rubble_1,
          evilmike_swamp_ruin_house_1, evilmike_swamp_ruin_house_4,
          infiniplex_staircase_pool
Orc:1:    layout_diamond_mine
Orc:2:    st_orc_town, layout_caves

Skill      XL: |  1  2  3  4  5  6  7  8  9 10 11 12 13 14 15 16 |
---------------+-------------------------------------------------+-----
Polearms       | 5 6 8 10 12 15 18 20 21 24 | 24.0
Fighting       | 4 5 6 8 10 12 | 12.0
Armour         | 2 3 4 6 9 |  9.4
Dodging        | 6 |  6.0
Throwing       | 2 7 11 13 14 16 | 16.0
Evocations     | 2 6 |  6.3

Action                   |  1- 3 |  4- 6 |  7- 9 | 10-12 | 13-15 | 16-18 || total
-------------------------+-------+-------+-------+-------+-------+-------++-------
Melee: Spear             |    86 |       |       |       |       |       ||    86
       Tailslap          |     1 |       |     3 |     4 |     4 |     1 ||    13
       Halberd           |       |   114 |   345 |   463 |       |       ||   922
       Trident           |       |       |       |    11 |    28 |    16 ||    55
       Glaive            |       |       |       |    65 |   345 |       ||   410
       Bardiche          |       |       |       |       |   877 |   308 ||  1185
       Punch             |       |       |       |       |     1 |       ||     1
Throw: Dart              |       |       |     4 |    19 |    12 |     9 ||    44
       Stone             |       |       |     5 |       |       |       ||     5
       Javelin           |       |       |       |       |     4 |     7 ||    11
       Boomerang         |       |       |       |       |    12 |     6 ||    18
       Throwing net      |       |       |       |       |       |     1 ||     1
Invok: Berserk           |     1 |     2 |     6 |    19 |    21 |     8 ||    57
       Trog's Hand       |       |       |     1 |     6 |    11 |     2 ||    20
       Brothers in Arms  |       |       |       |       |     3 |       ||     3
Evoke: Wand              |       |       |       |     9 |     2 |     5 ||    16
       Condenser vane    |       |       |       |       |       |     1 ||     1
  Use: Scroll            |       |       |    21 |     7 |     7 |       ||    35
       Potion            |       |       |       |     1 |     3 |     5 ||     9
 Stab: Sleeping          |       |     1 |       |       |       |       ||     1
       Paralysed         |       |       |       |     1 |     2 |       ||     3
       Distracted        |       |       |       |       |       |     1 ||     1
Armor: Leather armour    |    17 |    32 |    59 |       |       |       ||   108
       Animal skin       |     3 |       |       |       |       |       ||     3
       Scale mail        |       |       |    66 |    95 |     3 |       ||   164
       Ring mail         |       |       |       |    45 |   335 |       ||   380
       Chain mail        |       |       |       |       |   214 |   195 ||   409
Dodge: Dodged            |    29 |    53 |   136 |   160 |   532 |   153 ||  1063

Table legend: (Time is in decaauts)
 A = Elapsed time spent in this place.
 B = Non-inter-level travel time spent in this place.
 C = Inter-level travel time spent in this place.
 D = Time resting spent in this place.
 E = Time spent auto-exploring this place.
 F = Levels seen in this place.
 G = Mean time per level.
                   A        B        C        D        E       F      G
               +--------+--------+--------+--------+--------+-----+--------+
         Total |  32780 |  31105 |   1675 |   6438 |  19809 |  26 | 1260.8 |
       Dungeon |  21417 |  20252 |   1165 |   4586 |  12795 |  15 | 1427.8 |
          Lair |   7734 |   7334 |    400 |    977 |   5365 |   5 | 1546.8 |
         Swamp |     20 |     20 |      0 |      0 |      0 |   1 |   20.0 |
  Orcish Mines |   2369 |   2261 |    108 |    708 |   1169 |   2 | 1184.5 |
         Abyss |    350 |    350 |      0 |     79 |      0 |   1 |  350.0 |
         Sewer |    555 |    555 |      0 |     87 |    337 |   1 |  555.0 |
       Volcano |    333 |    333 |      0 |      0 |    142 |   1 |  333.0 |
               +--------+--------+--------+--------+--------+-----+--------+

Top non-repeatable levels by time:
    D:15: 4210 daAuts
  Lair:5: 2108 daAuts
    D:11: 1998 daAuts
    D:14: 1962 daAuts
   Orc:2: 1846 daAuts
  Lair:2: 1830 daAuts
    D:13: 1647 daAuts
  Lair:1: 1590 daAuts
    D:12: 1369 daAuts
    D:10: 1357 daAuts
  Lair:3: 1252 daAuts
     D:9: 1139 daAuts
     D:4: 1073 daAuts
     D:8: 1056 daAuts
     D:5: 1019 daAuts
